Dins, lawful male dwarven Archeologist ---------------- |..............| --------- -------- |.............>.# |.......| |@...(.| ----------.-----## ........---- |......| ## # |.%........| ---.---- # # #...........| ## ### # ###|.......<..| # # # # ---+-------- # ### ### ### # # # ------ # # ### ###|.....### -..--- # #...{.| -------....| ### |.....######### `## |.........?| # |....|################# ##-!....(....| # |..$.| ### --+-.-- # |..........| -----|- ---.-- |......######## |..........| |..*()| +...{.| |..........| |.....| |...*.| ------------ ------- ------- Dins the Digger Experience level: 1 Strength: 14 Dexterity: 12 Constitution: 12 Intelligence: 16 Wisdom: 13 Charisma: 8 Health: 12(15) Energy: 1(1) Def: 1 Gold: 104 Moves: 138 Dungeon seed: MRL3SepDaXVs4zC0 Game ID: Dins_1528902118 Your Inventory: Coins $ - 104 gold pieces Weapons a - an uncursed +2 bullwhip h - an uncursed +0 boomerang (in quiver) Armor e - an uncursed +0 leather jacket (being worn) n - an uncursed +0 fedora (being worn) Comestibles b - 3 uncursed food rations Wands d - an uncursed wand of light (0:12) i - an uncursed wand of secret door detection (0:12) Tools c - an uncursed +0 pick-axe (weapon in hand) f - an uncursed sack g - an uncursed tin opener Gems q - an uncursed touchstone Spells and supernatural/magical abilities: Name Level Category Fail Memory W - pray for help -- divine ? -- Your skills at the end: Miscellaneous Skills wands [Basic] Weapon Skills pick-axe [Basic] boomerang [Basic] whip [Basic] Spellcasting Skills Final Attributes: You were fervently aligned. You had infravision. You were very stealthy. You were fast. You survived. Vanquished creatures: a gecko a hobgoblin a yellow mold a grid bug 4 creatures vanquished. Voluntary challenges: You went without food. You did not adorn yourself with jewelry or accessories. You did not cause conflict. You were not invisible. You did not have reflection. You were not displaced. You were an atheist. You used a wielded weapon 5 times, starting on turn 16. You did not use containers. You did not apply a unicorn horn. You did not use plumbed fixtures. You did not drink any magical draughts. You were illiterate. You never genocided any monsters. You never polymorphed an object. You never changed form. You used no wishes. You never split a pudding. You never wrote Elbereth's name. You never violated your personal moral code. Dungeon overview: The Dungeons of Doom: levels 1 to 5 Level 1 a long staircase Level 2 Level 3 Level 4 <- You were here some fountains Level 5 History has recorded: On T:1 you entered the Dungeons of Doom to retrieve the Amulet of Yendor! On T:6 you reached level 2 of The Dungeons of Doom. On T:10 you reached level 3 of The Dungeons of Doom. On T:14 you reached level 4 of The Dungeons of Doom. On T:36 you reached level 5 of The Dungeons of Doom. Score breakdown: Gold: 104 ( 10 points) Experience: 1 level ( 0 points) Exploration: 5 levels ( 120 points) Discoveries: 0 items ( 0 points) Variety of kills: 4 monsters ( 200 points) Major goal: (nothing yet) ( 0 points) Survival: quit (score multiplied by 3) Total score: 990 Latest messages: The grid bug bites! You get zapped! You kill the grid bug! $ - 85 gold pieces. The door resists! You hear water falling on coins. The door opens. You see here a pink potion. The hobgoblin wields a crude dagger! The crude dagger welds itself to the hobgoblin's hand! The hobgoblin thrusts his crude dagger at you. The hobgoblin stabs you! You kill the hobgoblin! There are several objects here. $ - 19 gold pieces. You start digging. You hit the rock with all your might. You make an opening in the wall. This door is locked. That door is closed. You start chopping at the door. You hit the door with all your might. That door is closed. (2x) You break through the door. You see here a chest. You see here 8 crossbow bolts. Final status: Goodbye Dins the Archeologist, quit... You quit in The Dungeons of Doom on dungeon level 4 with 990 points, and 104 pieces of gold, after 138 moves. You were level 1 with a maximum of 15 hit points when you quit.